TOP OF THE 1ST |
Bishop Amat HS batting - Pitching for Santa Fe HS Chiefs : RHP Bradley Baxter
|
Pitching: RHP Bradley Baxter
|
|
Batting: RHB Ralph Petit
|
0-0: Called Strike 0-1: Ground out 6-3 (Groundball, 6)
|
Batting: RHB Blake Davis
|
0-0: SINGLE (Flyball, 9LS)
|
Batting: RHB Mike Best
|
0-0: Ball 1-0: DOUBLE (Groundball, 5L) Blake Davis to third
|
Batting: RHB Louis García
|
0-0: Ball 1-0: Foul Ball, location: 2F 1-1: Foul Ball, location: 2F 1-2: Foul Ball, location: 2F 1-2: Foul Ball, location: 2F 1-2: Ball 2-2: Ball 3-2: DOUBLE (Line Drive, 7LM) Blake Davis scores Mike Best scores
|
Batting: RHB Haywood Young
|
0-0: Fly out, F9 (Flyball, 9LM)
|
Batting: LHB Adam Roberts
|
0-0: Swinging Strike 0-1: Ground out 4-3 (Groundball, 34)
|
Top of the 1st over - 2 run(s), 3 hit(s), 0 error(s), 1 left on base; Bishop Amat HS 2 - Santa Fe HS 0 |
BOTTOM OF THE 1ST |
Santa Fe HS Chiefs batting - Pitching for Bishop Amat HS : RHP Richard Castle
|
Pitching: RHP Richard Castle
|
|
Batting: RHB William Todd
|
0-0: Ball 1-0: Called Strike 1-1: Swinging Strike 1-2: Strikes out swinging
|
Batting: RHB Jake Henshaw
|
0-0: Ball 1-0: Ball 2-0: Foul Ball, location: 2F 2-1: Ball 3-1: Base on Balls
|
Batting: RHB Paul DeWitt
|
0-0: DOUBLE (Line Drive, 7LD) Jake Henshaw to third Runner from 3rd tries for Home, SAFE, throw made at trailing runner, OUT at third!
|
Batting: RHB Juan Carlos Cruz
|
0-0: Called Strike 0-1: Ball 1-1: Foul Ball, location: 2F 1-2: Ball 2-2: Foul Ball, location: 2F 2-2: Strikes out swinging
|
Bottom of the 1st over - 1 run(s), 1 hit(s), 0 error(s), 0 left on base; Bishop Amat HS 2 - Santa Fe HS 1 |
TOP OF THE 2ND |
Bishop Amat HS batting - Pitching for Santa Fe HS Chiefs : RHP Bradley Baxter
|
Batting: RHB Ben Martin
|
0-0: Ball 1-0: SINGLE (Line Drive, 8RS)
|
Batting: RHB Andrew Miller
|
0-0: Called Strike Ben Martin steals 2nd base 0-1: Ball 1-1: Foul Ball, location: 2F 1-2: Fly out, F4 (Popup, 3D)
|
Batting: RHB Edison Knight
|
0-0: Foul Ball, location: 2F 0-1: Ball Ben Martin is caught stealing 3rd base 1-1: Called Strike 1-2: Strikes out looking
|
Top of the 2nd over - 0 run(s), 1 hit(s), 0 error(s), 0 left on base; Bishop Amat HS 2 - Santa Fe HS 1 |
BOTTOM OF THE 2ND |
Santa Fe HS Chiefs batting - Pitching for Bishop Amat HS : RHP Richard Castle
|
Batting: LHB Adrian Neal
|
0-0: Swinging Strike 0-1: Ball 1-1: Foul Ball, location: 2F 1-2: Ball 2-2: Ball 3-2: Foul Ball, location: 2F 3-2: Base on Balls
|
Batting: LHB Jason Rogers
|
0-0: Called Strike 0-1: SINGLE (Flyball, 9LM) Adrian Neal to second Runner from 2nd tries for 3rd, SAFE, no throw
|
Batting: LHB Milton MacEwen
|
0-0: Fielders Choice at 2nd, 3-6 (Groundball, 3) Adrian Neal scores
|
Batting: LHB Luis Freitas
|
0-0: Ball 1-0: Called Strike 1-1: Called Strike 1-2: Fly out, F7 (Flyball, 7S)
|
Batting: RHB Brady Holland
|
0-0: Ball 1-0: DOUBLE (Line Drive, 9) Milton MacEwen to third
|
Batting: RHB William Todd
|
0-0: Called Strike 0-1: Swinging Strike 0-2: Ball 1-2: Foul Ball, location: 2F 1-2: Strikes out swinging
|
Bottom of the 2nd over - 1 run(s), 2 hit(s), 0 error(s), 2 left on base; Bishop Amat HS 2 - Santa Fe HS 2 |
TOP OF THE 3RD |
Bishop Amat HS batting - Pitching for Santa Fe HS Chiefs : RHP Bradley Baxter
|
Batting: RHB Ralph Petit
|
0-0: Swinging Strike 0-1: Foul Ball, location: 2F 0-2: Ball 1-2: Ball 2-2: Foul Ball, location: 2F 2-2: Ball 3-2: Base on Balls
|
Batting: RHB Blake Davis
|
0-0: Ball 1-0: Ball 2-0: Ball 3-0: Called Strike 3-1: SINGLE (Line Drive, 6M) Ralph Petit to second
|
Batting: RHB Mike Best
|
0-0: Called Strike 0-1: Fly out, F9 (Flyball, 9S)
|
Batting: RHB Louis García
|
0-0: Ball 1-0: Swinging Strike 1-1: Called Strike 1-2: Foul Ball, location: 2F 1-2: Ball 2-2: Ball 3-2: Strikes out looking
|
Batting: RHB Haywood Young
|
0-0: Called Strike 0-1: Called Strike 0-2: Strikes out looking
|
Top of the 3rd over - 0 run(s), 1 hit(s), 0 error(s), 2 left on base; Bishop Amat HS 2 - Santa Fe HS 2 |
BOTTOM OF THE 3RD |
Santa Fe HS Chiefs batting - Pitching for Bishop Amat HS : RHP Richard Castle
|
Batting: RHB Jake Henshaw
|
0-0: Ground out 4-3 (Groundball, 4M)
|
Batting: RHB Paul DeWitt
|
0-0: Called Strike 0-1: Foul Ball, location: 2F 0-2: Ball 1-2: Ball 2-2: Ball 3-2: Fly out, F7 (Flyball, 7LM)
|
Batting: RHB Juan Carlos Cruz
|
0-0: Called Strike 0-1: Hit by Pitch
|
Batting: LHB Adrian Neal
|
0-0: Ball 1-0: Foul Ball, location: 2F 1-1: Foul Ball, location: 2F 1-2: SINGLE (Flyball, 7S) Juan Carlos Cruz to second
|
Batting: LHB Jason Rogers
|
0-0: Ball 1-0: Swinging Strike 1-1: Ball 2-1: Foul Ball, location: 2F 2-2: Ball 3-2: Base on Balls Juan Carlos Cruz to third Adrian Neal to second
|
Batting: LHB Milton MacEwen
|
0-0: Ball 1-0: Ground out 5-3 (Groundball, 56S)
|
Bottom of the 3rd over - 0 run(s), 1 hit(s), 0 error(s), 3 left on base; Bishop Amat HS 2 - Santa Fe HS 2 |
TOP OF THE 4TH |
Bishop Amat HS batting - Pitching for Santa Fe HS Chiefs : RHP Bradley Baxter
|
Batting: LHB Adam Roberts
|
0-0: Ball 1-0: Called Strike 1-1: Foul Ball, location: 2F 1-2: Ball 2-2: Strikes out looking
|
Batting: RHB Ben Martin
|
0-0: Swinging Strike 0-1: Ball 1-1: Ball 2-1: Ball 3-1: Reached on error, E4 (Groundball, 4)
|
Batting: RHB Andrew Miller
|
0-0: Ball 1-0: Called Strike 1-1: Called Strike 1-2: Ball 2-2: Ball 3-2: Foul Ball, location: 2F 3-2: Foul Ball, location: 2F 3-2: Foul Ball, location: 2F 3-2: Strikes out looking
|
Batting: RHB Edison Knight
|
0-0: Ball 1-0: Called Strike 1-1: Fielders Choice at 2nd, 4-6 (Groundball, 4)
|
Top of the 4th over - 0 run(s), 0 hit(s), 1 error(s), 0 left on base; Bishop Amat HS 2 - Santa Fe HS 2 |
BOTTOM OF THE 4TH |
Santa Fe HS Chiefs batting - Pitching for Bishop Amat HS : RHP Richard Castle
|
Batting: LHB Luis Freitas
|
0-0: Ball 1-0: Called Strike 1-1: Foul Ball, location: 2F 1-2: Fly out, F8 (Flyball, 89M)
|
Batting: RHB Brady Holland
|
0-0: Ball 1-0: Called Strike 1-1: Fly out, F2 (Popup, 25)
|
Batting: RHB William Todd
|
0-0: Ball 1-0: Foul Ball, location: 2F 1-1: Ball 2-1: Ground out 4-3 (Groundball, 4S)
|
Bottom of the 4th over - 0 run(s), 0 hit(s), 0 error(s), 0 left on base; Bishop Amat HS 2 - Santa Fe HS 2 |
TOP OF THE 5TH |
Bishop Amat HS batting - Pitching for Santa Fe HS Chiefs : RHP Bradley Baxter
|
Batting: RHB Ralph Petit
|
0-0: Ball 1-0: Called Strike 1-1: Foul Ball, location: 2F 1-2: Fly out, F9 (Flyball, 89S)
|
Batting: RHB Blake Davis
|
0-0: Ball 1-0: Ball 2-0: Called Strike 2-1: Fly out, F2 (Popup, 25)
|
Batting: RHB Mike Best
|
0-0: Ball 1-0: Swinging Strike 1-1: Ball 2-1: Swinging Strike 2-2: Fly out, F8 (Flyball, 8LM)
|
Top of the 5th over - 0 run(s), 0 hit(s), 0 error(s), 0 left on base; Bishop Amat HS 2 - Santa Fe HS 2 |
BOTTOM OF THE 5TH |
Santa Fe HS Chiefs batting - Pitching for Bishop Amat HS : RHP Richard Castle
|
Batting: RHB Jake Henshaw
|
0-0: Called Strike 0-1: Fly out, F9 (Flyball, 89M)
|
Batting: RHB Paul DeWitt
|
0-0: Foul Ball, location: 2F 0-1: Ball 1-1: Called Strike 1-2: Ball 2-2: Ground out 6-3 (Groundball, 6)
|
Batting: RHB Juan Carlos Cruz
|
0-0: Swinging Strike 0-1: Called Strike 0-2: Reached on error, E4 (Groundball, 4)
|
Batting: LHB Adrian Neal
|
0-0: Called Strike 0-1: Foul Ball, location: 2F 0-2: Ground out U3 (Groundball, 34)
|
Bottom of the 5th over - 0 run(s), 0 hit(s), 1 error(s), 1 left on base; Bishop Amat HS 2 - Santa Fe HS 2 |
TOP OF THE 6TH |
Bishop Amat HS batting - Pitching for Santa Fe HS Chiefs : RHP Bradley Baxter
|
Pitching: RHP Dane Vaughan
|
|
Batting: RHB Louis García
|
0-0: Foul Ball, location: 2F 0-1: Swinging Strike 0-2: Ball 1-2: Ball 2-2: Ball 3-2: Foul Ball, location: 2F 3-2: Ground out 5-3 (Groundball, 56)
|
Batting: RHB Haywood Young
|
0-0: Called Strike 0-1: Called Strike 0-2: Ball 1-2: Ball 2-2: SINGLE (Flyball, 8RS)
|
Batting: LHB Adam Roberts
|
0-0: Ball 1-0: Swinging Strike 1-1: Called Strike 1-2: Strikes out swinging
|
Batting: RHB Ben Martin
|
0-0: Fly out, F9 (Flyball, 9)
|
Top of the 6th over - 0 run(s), 1 hit(s), 0 error(s), 1 left on base; Bishop Amat HS 2 - Santa Fe HS 2 |
BOTTOM OF THE 6TH |
Santa Fe HS Chiefs batting - Pitching for Bishop Amat HS : RHP Richard Castle
|
Pitching: LHP Ronnie Beason
|
|
Batting: LHB Jason Rogers
|
0-0: Ground out 4-3 (Groundball, 4)
|
Batting: LHB Milton MacEwen
|
0-0: Ground out U3 (Groundball, 3)
|
Batting: LHB Luis Freitas
|
0-0: Ground out 4-3 (Groundball, 4M)
|
Bottom of the 6th over - 0 run(s), 0 hit(s), 0 error(s), 0 left on base; Bishop Amat HS 2 - Santa Fe HS 2 |
TOP OF THE 7TH |
Bishop Amat HS batting - Pitching for Santa Fe HS Chiefs : RHP Dane Vaughan
|
Batting: RHB Andrew Miller
|
0-0: Called Strike 0-1: Called Strike 0-2: Ball 1-2: Fly out, F3 (Popup, 3S)
|
Batting: RHB Edison Knight
|
0-0: Ball 1-0: Ground out 6-3 (Groundball, 56)
|
Batting: RHB Ralph Petit
|
0-0: Called Strike 0-1: Foul Ball, location: 2F 0-2: Ball 1-2: Foul Ball, location: 2F 1-2: Strikes out swinging
|
Top of the 7th over - 0 run(s), 0 hit(s), 0 error(s), 0 left on base; Bishop Amat HS 2 - Santa Fe HS 2 |
BOTTOM OF THE 7TH |
Santa Fe HS Chiefs batting - Pitching for Bishop Amat HS : LHP Ronnie Beason
|
Batting: RHB Brady Holland
|
0-0: Called Strike 0-1: Ball 1-1: Ball 2-1: Swinging Strike 2-2: Ball 3-2: Base on Balls
|
Batting: RHB William Todd
|
0-0: Bunted foul 0-1: Sac Bunt - play at first, batter OUT! 2-4 Brady Holland to second
|
Batting: RHB Jake Henshaw
|
0-0: Foul Ball, location: 2F 0-1: Ball 1-1: Fly out, F9 (Flyball, 9S)
|
Batting: RHB Paul DeWitt
|
0-0: Called Strike 0-1: Foul Ball, location: 2F 0-2: Strikes out swinging
|
Bottom of the 7th over - 0 run(s), 0 hit(s), 0 error(s), 1 left on base; Bishop Amat HS 2 - Santa Fe HS 2 |
TOP OF THE 8TH |
Bishop Amat HS batting - Pitching for Santa Fe HS Chiefs : RHP Dane Vaughan
|
Batting: RHB Blake Davis
|
0-0: Ball 1-0: SINGLE (Groundball, 56D)
|
Batting: RHB Mike Best
|
0-0: Ball 1-0: Grounds into double play, 5-4-3 (Groundball, 56)
|
Batting: RHB Louis García
|
0-0: Called Strike 0-1: Called Strike 0-2: Foul Ball, location: 2F 0-2: Strikes out swinging
|
Top of the 8th over - 0 run(s), 1 hit(s), 0 error(s), 0 left on base; Bishop Amat HS 2 - Santa Fe HS 2 |
BOTTOM OF THE 8TH |
Santa Fe HS Chiefs batting - Pitching for Bishop Amat HS : LHP Ronnie Beason
|
Batting: RHB Juan Carlos Cruz
|
0-0: Called Strike 0-1: Ball 1-1: Ball 2-1: Ball 3-1: Base on Balls
|
Batting: LHB Adrian Neal
|
0-0: Called Strike 0-1: Ball 1-1: Foul Ball, location: 2F 1-2: Foul Ball, location: 2F 1-2: Foul Ball, location: 2F 1-2: Ball 2-2: Ball 3-2: Base on Balls Juan Carlos Cruz to second
|
Batting: LHB Jason Rogers
|
0-0: Ball 1-0: Bunted foul 1-1: Bunt missed! 1-2: Ball 2-2: Ground out U3 (Groundball, 3) Juan Carlos Cruz to third Adrian Neal to second
|
Batting: LHB Milton MacEwen
|
0-0: Called Strike 0-1: Ball 1-1: Foul Ball, location: 2F 1-2: Strikes out swinging passed ball, reaches first! Juan Carlos Cruz scores Adrian Neal to third
|
Batting: LHB Luis Freitas
|
0-0: Called Strike 0-1: Ball 1-1: Ball 2-1: Foul Ball, location: 2F 2-2: Strikes out swinging
|
Batting: RHB Brady Holland
|
0-0: Called Strike 0-1: Swinging Strike 0-2: Ball 1-2: Ball 2-2: Foul Ball, location: 2F 2-2: Strikes out swinging
|
Bottom of the 8th over - 1 run(s), 0 hit(s), 0 error(s), 2 left on base; Bishop Amat HS 2 - Santa Fe HS 3 |
TOP OF THE 9TH |
Bishop Amat HS batting - Pitching for Santa Fe HS Chiefs : RHP Dane Vaughan
|
Pitching: RHP Benjamin Bell
|
|
Now in RF: Paul Starr
|
|
Batting: RHB Haywood Young
|
0-0: Ball 1-0: Called Strike 1-1: Called Strike 1-2: Foul Ball, location: 2F 1-2: Foul Ball, location: 2F 1-2: Foul Ball, location: 2F 1-2: Strikes out looking
|
Batting: LHB Adam Roberts
|
0-0: Ground out 4-3 (Groundball, 4)
|
Batting: RHB Ben Martin
|
0-0: Fly out, F9 (Flyball, 9)
|
Top of the 9th over - 0 run(s), 0 hit(s), 0 error(s), 0 left on base; Bishop Amat HS 2 - Santa Fe HS 3 |
|